 Dungeon Crawl Stone Soup version 0.31-a0-1576-ga3383bade6 (webtiles) character file.

Game seed: 17996200571021274639

82 lunkers the Magician (level 4, -1/31 HPs)
             Began as a Djinni Earth Elementalist on Jan 4, 2024.
             Slain by Duvessa
             ... wielding a +0 short sword
              (3 damage)
             ... on level 4 of the Dungeon.
             The game lasted 00:01:33 (1864 turns).

lunkers the Magician (Djinni Earth Elementalist)    Turns: 1864, Time: 00:01:34

Health: -1/31      AC:  3    Str:  7    XL:     4   Next: 70%
Gold:   152        EV: 12    Int: 18    God:
                   SH:  0    Dex: 14

rFire   + + .        (no weapon)
rCold   x . .        (no shield)
rNeg    . . .        a - +0 robe
rPois   ∞            (no helmet)
rElec   .            c - +0 cloak
rCorr   .            (no gloves)
SInv    .            (boots unavailable)
Will    .....        (no amulet)
Stlth   ++           (no ring)
HPRegen 0.25/turn    (no ring)
MPRegen 0.00/turn

%: infuse magic (-2 HP)
@: flying
A: sickness immunity, fire resistance 2, cold vulnerability 1, float, innate
caster, HP casting, extra vitality 1
a: no special abilities


You were on level 4 of the Dungeon.
You visited 1 branch of the dungeon, and saw 4 of its levels.

You collected 152 gold pieces.

Inventory:

Armour
 a - a +0 robe (worn)
 c - a +0 cloak (worn)
Jewellery
 i - a ring of fire
Scrolls
 b - 2 scrolls of identify {unknown}
 f - a scroll of teleportation {unknown}
 h - a scroll of vulnerability {unknown}
Potions
 d - a potion of lignification {unknown}
 e - a potion of haste {unknown}
 g - a potion of heal wounds {unknown}


   Skills:
 - Level 2.1 Dodging
 - Level 1.5 Stealth
 + Level 4.4 Spellcasting
 + Level 4.4 Conjurations
 + Level 4.4 Hexes
   Level 0.0 Charms
 + Level 4.4 Summonings
 + Level 4.4 Necromancy
 + Level 4.4 Translocations
   Level 0.0 Transmutations
 + Level 4.4 Fire Magic
 + Level 4.4 Ice Magic
 + Level 4.4 Air Magic
 + Level 4.4 Earth Magic
 + Level 4.4 Alchemy


You knew the following spells:

 Your Spells              Type           Power      Damage    Failure   Level
a - Sandblast             Erth           40%        2d10      2%          1
b - Passwall              Erth           20%        N/A       7%          3
c - Stone Arrow           Conj/Erth      40%        3d9       7%          3
d - Petrify               Alch/Erth      20%        N/A       22%         4
e - Brom's Barrelling Bo  Conj/Erth      20%        2d4       22%         4
f - Sting                 Conj/Alch      80%        1d8       2%          1
Your spell library was empty.

Dungeon Overview and Level Annotations

Branches:
Dungeon (4/15)
 Temple: D:4-7

Altars:

Annotations:
D:4 Dowan, Duvessa


Innate Abilities, Weirdness & Mutations

You are immune to sickness and miasma.
You are immune to poison.
Your flesh is very heat resistant. (rF++)
You are vulnerable to cold. (rC-)
You float through the air rather than walking.
You learn spells naturally, not from books.
Your magical power is your life essence.
You have superior vitality. (+4 MHP)


Message History

Aiming: Sandblast (safe; 2% risk of failure)
Press: ? - help, Q - select action, (/) - cycle Shift-Dir - straight line, f/p - Duvessa
Aim: Duvessa, wielding a +0 short sword and wearing a +0 ring mail (87% to hit)
The blast of sand hits Duvessa.
Duvessa is lightly wounded.
Duvessa says, "Where magic fails, the sword succeeds!"
Unknown command.
Duvessa hits you with a +0 short sword!
* * * LOW HITPOINT WARNING * * *
The goblin attacks as it pursues you! The goblin hits you with a +0 club.
* * * LOW HITPOINT WARNING * * *
Duvessa attacks as she pursues you! Duvessa barely misses you.
Duvessa attacks as she pursues you! Duvessa hits you with a +0 short sword.
* * * LOW HITPOINT WARNING * * *
Aiming: Sandblast (safe; 2% risk of failure)
Press: ? - help, Q - select action, (/) - cycle Shift-Dir - straight line, f/p - Duvessa
Aim: Duvessa, wielding a +0 short sword and wearing a +0 ring mail (lightly wounded, 87% to hit)
The blast of sand hits Duvessa but does no damage.
Duvessa is lightly wounded.
* * * LOW HITPOINT WARNING * * *
Duvessa closely misses you. Duvessa hits you with a +0 short sword!
* * * LOW HITPOINT WARNING * * *
You aren't carrying any items that you can evoke.
Unknown command.
Okay, then.
Okay, then.
You don't have enough health to cast this spell.
Unknown command.
You see here a quokka corpse.
Duvessa attacks as she pursues you! Duvessa barely misses you.
Things that are here:
a +0 flail; an orc corpse
Aiming: Sandblast (safe; 2% risk of failure)
Press: ? - help, Q - select action, (/) - cycle Shift-Dir - straight line, f/p - Duvessa
Aim: Duvessa, wielding a +0 short sword and wearing a +0 ring mail (lightly wounded, 87% to hit)
The blast of sand hits Duvessa but does no damage.
Duvessa is lightly wounded.
* * * LOW HITPOINT WARNING * * *
Duvessa hits you with a +0 short sword.
You die...

.. #. ### #. .. #.
.##......
#.#.##......
...##.....
########.###.....
#...@ee)......#.#
#.######.####.#.#
#.######..###.#.###
#.....###.†g......#
#####.#
#####.#.#.... #.#
#.#.###.. ####.#
#.#.# . #....#
#.#.# #.#### #<#.#


You could see Duvessa and Dowan.

Vanquished Creatures
  4 adders (D:3)
  A gnoll (D:4)
  A ribbon worm (D:3)
  An orc (D:4)
  2 endoplasms (D:2)
  A giant cockroach (D:2)
  7 goblins
  3 hobgoblins
  A quokka (D:4)
  4 ball pythons
  2 bats
  A frilled lizard (D:3)
  3 kobolds
  3 rats
34 creatures vanquished.

Notes
Turn   | Place    | Note
-------+----------+-------------------------------------------
     0 | D:1      | lunkers the Djinni Earth Elementalist began the quest for
                  | the Orb.
     0 | D:1      | lunkers set off with the following spells memorised:
                  | Sandblast, Passwall, Stone Arrow, Petrify, Brom's
                  | Barrelling Boulder.
     0 | D:1      | Reached XP level 1. HP: 15/15 MP: 0/0
    61 | D:1      | Found a faded altar of an unknown god.
    66 | D:1      | You are sucked into a shaft and drop 1 floor!
   138 | D:2      | Reached XP level 2. HP: 18/21 MP: 0/0
  1089 | D:3      | Reached XP level 3. HP: 24/25 MP: 0/0
  1089 | D:3      | Learned a level 1 spell: Sting
  1458 | D:3      | Reached XP level 4. HP: 30/31 MP: 0/0
  1846 | D:4      | Noticed Duvessa
  1847 | D:4      | Noticed Dowan
  1856 | D:4      | HP: 1/31 [Duvessa/+0 short sword (7)]
  1864 | D:4      | Slain by Duvessa

Illustrated notes

Levels and vault maps discovered:
D:1:      heliophobic_arrival_dark_side_of_the_moon, layout_basic,
          chequers_ecumenical_altar_simple_redux, dreamdust_princess_bridge
D:2:      layout_basic, minmay_misc_feat_doors, grunt_ministairs_14
D:3:      layout_loops_ring, kennysheep_cluttered_room, st_stairs_8,
          kennysheep_small_spiral, chequers_jeans, minmay_misc_feat_tower
D:4:      layout_basic, uniq_duvessa

Skill      XL: |  1  2  3 |
---------------+----------+-----
Spellcasting   | 4 |  4.4
Conjurations   | 4 |  4.4
Hexes          | 4 |  4.4
Summonings     | 4 |  4.4
Necromancy     | 4 |  4.4
Translocations | 4 |  4.4
Fire Magic     | 4 |  4.4
Ice Magic      | 4 |  4.4
Air Magic      | 4 |  4.4
Earth Magic    | 4 |  4.4
Alchemy        | 4 |  4.4
Dodging        | |  2.1
Stealth        | |  1.5

Action                     |  1- 3 |  4- 6 || total
---------------------------+-------+-------++-------
   Cast: Sandblast         |    35 |    15 ||    50
 Armour: Robe              |     1 |     9 ||    10
  Dodge: Dodged            |     6 |     9 ||    15

Table legend: (Time is in decaauts)
 A = Elapsed time spent in this place.
 B = Non-inter-level travel time spent in this place.
 C = Inter-level travel time spent in this place.
 D = Time resting spent in this place.
 E = Time spent auto-exploring this place.
 F = Levels seen in this place.
 G = Mean time per level.
                   A        B        C        D        E       F      G
               +--------+--------+--------+--------+--------+-----+--------+
         Total |   1887 |   1834 |     53 |      0 |   1601 |   4 |  471.8 |
       Dungeon |   1887 |   1834 |     53 |      0 |   1601 |   4 |  471.8 |
               +--------+--------+--------+--------+--------+-----+--------+

Top non-repeatable levels by time:
     D:3: 864 daAuts
     D:2: 823 daAuts
     D:4: 131 daAuts
     D:1: 67 daAuts
